 Seeded DCSS version 0.28.0-43-g3370ac3207 (webtiles) character file.

Game seed: 13591998346360536447 (custom seed)

1020 hikkokomori the Chopper (level 8, -4/73 HPs)
             Began as a Hill Orc Fighter on Mar 1, 2022.
             Slain by Menkaure (16 damage)
             ... on level 5 of the Dungeon.
             The game lasted 00:07:58 (4425 turns).

hikkokomori the Chopper (Hill Orc Fighter)          Turns: 4425, Time: 00:07:58

Health: -4/73      AC: 16    Str: 25    XL:     8   Next: 22%
Magic:  8/8        EV:  6    Int:  8    God:
Gold:   725        SH:  5    Dex: 13    Spells: 7/7 levels left

rFire   + . .      SeeInvis +   a - +0 war axe
rCold   + . .      Faith    .   c - +0 buckler
rNeg    . . .      Spirit   .   q - +4 plate armour
rPois   +          Reflect  .   e - +0 helmet {SInv}
rElec   +          Harm     .   (no cloak)
rCorr   .          Rampage  .   u - +1 pair of gloves "Riset" {-Cast Str+4 Dex+3}
Will    .....      NoCast   +   (no boots)
Stlth   ..........              (no amulet)
HPRegen 0.22/turn               g - ring "Edwal" {*Corrode rElec rPois rF+ rC+}
MPRegen 0.11/turn               (no ring)

@: corroded
A: no striking features
a: no special abilities


You were on level 5 of the Dungeon.
You visited 1 branch of the dungeon, and saw 5 of its levels.

You collected 725 gold pieces.

Inventory:

Hand Weapons
 a - a +0 war axe (weapon)
Armour
 b - a +0 scale mail
 c - a +0 buckler (worn)
 e - a +0 helmet of see invisible (worn)
 q - a +4 plate armour (worn)
 u - the +1 pair of gloves "Riset" (worn) {-Cast Str+4 Dex+3}
   (You acquired it on level 4 of the Dungeon)

   Str:       It affects your strength (+4).
   Dex:       It affects your dexterity (+3).
   -Cast:     It prevents spellcasting.
Jewellery
 g - the ring "Edwal" (left hand) {*Corrode rElec rPois rF+ rC+}
   (You acquired it on level 1 of the Dungeon)

   [ring of poison resistance]

   rF:        It protects you from fire.
   rC:        It protects you from cold.
   rElec:     It insulates you from electricity.
   rPois:     It protects you from poison.
   *Corrode:  It may corrode you when you take damage.
 h - a ring of resist corrosion
 l - a ring of protection from fire
 m - a ring of protection from fire
 x - an amulet of reflection
Wands
 j - a wand of flame (42)
 v - a wand of mindburst (17)
Scrolls
 f - 2 scrolls of teleportation {unknown}
 i - 6 scrolls of identify {unknown}
 n - a scroll of torment {unknown}
 p - 2 scrolls of summoning {unknown}
 r - a scroll of amnesia {unknown}
Potions
 d - a potion of might
 k - a potion of heal wounds {unknown}
 o - a potion of lignification {unknown}
 s - a potion of mutation {unknown}
 t - 2 potions of haste
 w - a potion of ambrosia {unknown}


   Skills:
 + Level 7.3 Fighting
 + Level 7.4 Axes
 + Level 6.7 Armour
 - Level 3.5 Shields


You had 7 spell levels left.
You didn't know any spells.
Your spell library contained the following spells:

 Spells                   Type           Power      Damage    Failure   Level
 Static Discharge         Conj/Air       0%         N/A       100%        2
 Sublimation of Blood     Necr           0%         N/A       100%        2
 Wereblood                Tmut           0%         N/A       100%        2
 Ozocubu's Armour         Ice            0%         N/A       100%        3
 Dispel Undead            Necr           0%         3d6       100%        4
 Sticky Flame             Conj/Fire      0%         2d3       100%        4
 Ozocubu's Refrigeration  Ice            0%         4d5       100%        7
 Summon Hydra             Summ           0%         N/A       100%        7


Dungeon Overview and Level Annotations

Branches:
Dungeon (5/15)
 Temple: D:4-7

Altars:
Hepliaklqana
Okawaru
Sif Muna
The Shining One

Annotations:
D:3 2 transporters, Kissindre's ghost, weakling GnFi
D:5 Menkaure


Message History

You block the centaur's attack.
The centaur kicks you but does no damage.
Menkaure gestures wildly while chanting.
Menkaure seems to speed up.
You slash the centaur!
The centaur is severely wounded.
The centaur hits you.
The centaur kicks you but does no damage.
Menkaure calls on the powers of darkness!
The centaur convulses!
Your body is wracked with pain!
The centaur barely misses you.
The centaur kicks you but does no damage.
You hit the centaur.
You kill the centaur!
Menkaure completely misses you.
Unknown command.
You completely miss Menkaure. You block Menkaure's attack.
You hit Menkaure.
Menkaure is lightly damaged.
Menkaure calls on the powers of darkness!
Your body is wracked with pain!
* * * LOW HITPOINT WARNING * * *
Your corrosive artefact corrodes you!
Menkaure shouts, "The sands of time shall wipe you from history!"
Menkaure hits you but does no damage.
You are too injured to fight recklessly!
Unknown command.
You are too injured to fight recklessly!
Unknown command.
You are too injured to fight recklessly!
You completely miss Menkaure.
Menkaure is lightly damaged.
Menkaure calls on the powers of darkness!
Your body is wracked with pain!
* * * LOW HITPOINT WARNING * * *
Unknown command.
You slash Menkaure!
Menkaure is heavily damaged.
Menkaure hits you!
You die...

#.# #.# #.# #.# # #.#######.#
###. ## #.#.@M....# ....####.
#########.#.###########...##.
#............#.......####....
#.#######.#..#.#............)
#.#.. ..#.#..#.#.###.####...#
#.#.###.#.#..#.#.# #.........
#.#.#.#.#.#..#.#.# #.########
#.#.#.#.#.#..#.#.###.........
#.......#.####.#......##.#...


You could see Menkaure (fast).

Vanquished Creatures
  Sigmund (D:5)
  2 ogres (D:5)
  An ice beast (D:5)
  A centaur (D:5)
  A gnoll sergeant (D:5)
  A water moccasin zombie (D:5)
  A bullfrog zombie (D:5)
  A hound (D:4)
  2 bullfrog skeletons
  An iguana (D:5)
  Natasha (thrice) (D:2)
  3 hound skeletons
  3 gnolls (D:4)
  2 adders
  An ufetubus (D:5)
  An adder skeleton (D:4)
  3 worms
  6 dart slugs
  An orc (D:3)
  3 bats
  8 endoplasms
  2 giant cockroaches
  10 hobgoblins
  5 jackals
  8 kobolds
  3 quokkas
  5 ball pythons
  A frilled lizard (D:2)
  4 goblins
  9 rats
  A spectral hobgoblin (D:4)
94 creatures vanquished.

Notes
Turn   | Place    | Note
-------+----------+-------------------------------------------
     0 | D:1      | hikkokomori the Hill Orc Fighter began the quest for the
                  | Orb.
     0 | D:1      | Reached XP level 1. HP: 19/19 MP: 1/1
    21 | D:1      | Reached XP level 2. HP: 14/27 MP: 2/2
   556 | D:1      | Reached XP level 3. HP: 33/33 MP: 3/3
   864 | D:2      | You fall into a shaft and drop 1 floor!
   867 | D:2      | Found a faded altar of an unknown god.
   913 | D:2      | Noticed Natasha
   921 | D:2      | Killed Natasha
   922 | D:2      | Reached XP level 4. HP: 25/41 MP: 4/4
  1180 | D:2      | Noticed Natasha
  1190 | D:2      | Killed Natasha
  1194 | D:1      | Identified a scroll of acquirement
  1194 | D:1      | Acquired the ring "Edwal" {*Corrode rElec rPois rF+ rC+}
  1813 | D:2      | Noticed Natasha
  1822 | D:2      | HP: 2/41 [Natasha/magic dart (4)]
  1834 | D:2      | HP: 1/41 [Natasha/magic dart (2)]
  1842 | D:1      | Acquired 517 gold pieces
  1844 | D:1      | Acquired a +0 helmet of see invisible
  2259 | D:2      | Killed Natasha
  2260 | D:2      | Reached XP level 5. HP: 31/47 MP: 5/5
  2648 | D:3      | Found a glowing golden altar of the Shining One.
  2798 | D:3      | Identified the +1 whip of Eternal Harmony {flame, rElec
                  | Int+2}
  2905 | D:3      | Found a transporter.
  2905 | D:3      | Noticed Kissindre's ghost (weakling GnFi)
  3032 | D:3      | Found a transporter.
  3181 | D:3      | Reached skill level 5 in Fighting
  3542 | D:4      | Reached skill level 5 in Axes
  3542 | D:4      | Reached XP level 6. HP: 56/56 MP: 6/6
  3600 | D:4      | Found a hazy altar of Hepliaklqana.
  3645 | D:4      | Reached skill level 5 in Armour
  3983 | D:4      | Acquired the +1 pair of gloves "Riset" {-Cast Str+4 Dex+3}
  4004 | D:5      | Entered Level 5 of the Dungeon
  4036 | D:5      | Found a shimmering blue altar of Sif Muna.
  4053 | D:5      | Noticed an ice beast
  4059 | D:5      | Killed an ice beast
  4127 | D:5      | Reached XP level 7. HP: 61/63 MP: 7/7
  4337 | D:5      | Noticed Sigmund
  4349 | D:5      | Killed Sigmund
  4350 | D:5      | Reached XP level 8. HP: 73/73 MP: 8/8
  4384 | D:5      | Found an iron altar of Okawaru.
  4417 | D:5      | Noticed Menkaure
  4425 | D:5      | Slain by Menkaure

Illustrated notes

Levels and vault maps discovered:
D:1:      wander_arrival_fairy_ring, layout_basic, chequers_serial_rivers_room_a
D:2:      layout_loops_ring, shapermc_ecumenical_altar_venn, uniq_natasha
D:3:      layout_loops_ring, mainiacjoe_overflow_chevrons,
          gammafunk_ghost_arena, hangedman_glass_teeth
D:4:      layout_basic, nicolae_hepliaklqana_monster_ancestors,
          due_unseen_surprise
D:5:      layout_basic, lemuel_doored_altar, overflow_temple_1_default,
          amethyst_overflow_temple_binary, minmay_manual_mess, uniq_ijyb,
          uniq_edmund, uniq_sigmund, uniq_menkaure

Skill      XL: |  1  2  3  4  5  6  7 |
---------------+----------------------+-----
Axes           | 3 4 5 7 |  7.4
Fighting       | 4 5 6 7 |  7.3
Armour         | 4 5 6 |  6.7
Shields        | |  3.5

Action                   |  1- 3 |  4- 6 |  7- 9 || total
-------------------------+-------+-------+-------++-------
Melee: War axe           |    75 |   166 |    45 ||   286
  Use: Scroll            |       |     5 |       ||     5
       Potion            |       |     1 |       ||     1
Armor: Scale mail        |    40 |    40 |       ||    80
       Plate armour      |       |    43 |    32 ||    75
Dodge: Dodged            |    31 |    51 |    13 ||    95
Block: Buckler           |    22 |    30 |    17 ||    69
